[Event "*** Titled Tuesday Blitz"]
[Site "Chess.com"]
[Date "2019.10.01"]
[Round "1"]
[White "Marreuh"]
[Black "vovachesss"]
[Result "0-1"]
[WhiteElo "2105"]
[BlackElo "2540"]
[TimeControl "180+2"]
[EndTime "13:02:41 PDT"]
[Termination "vovachesss won by resignation"]

1. e4 e5 2. Nf3 d5 3. Nxe5 Bd6 4. d4 dxe4 5. Bc4 Bxe5 6. dxe5 Qxd1+ 7. Kxd1 Nc6 8. Bf4 Bg4+ 9. Kc1 Nge7 10. Re1 Ng6 11. Rxe4 Bf5 12. Re3 Nxf4 13. Rf3 g5 14. g3 Bg4 15.
Rb3 Ng6 16. Rxb7 O-O-O 0-1

[Event "*** Titled Tuesday Blitz"]
[Site "Chess.com"]
[Date "2019.10.01"]
[Round "1"]
[White "Tolya2"]
[Black "KhalilMousavi77"]
[Result "0-1"]
[WhiteElo "2418"]
[BlackElo "2814"]
[TimeControl "180+2"]
[EndTime "13:03:36 PDT"]
[Termination "KhalilMousavi77 won by resignation"]

1. Nf3 Nf6 2. d4 d5 3. c4 e6 4. g3 Be7 5. Bg2 O-O 6. O-O dxc4 7. Qc2 b5 8. a4 b4 9. Qxc4 Bb7 10. Bg5 Nbd7 11.
Nbd2 Rc8 12. Rfc1 c5 13. dxc5 Rxc5 14. Qb3 h6 15. Bxf6 Nxf6 16. Rxc5 Bxc5 17. Rd1 Qb6 18.
e3 Rd8 19. Nc4 Rxd1+ 20. Qxd1 Qc7 21. b3 Nd5 22. Nfe5 Nc3 23. Qd3 Bd5 24. e4 Bb7 25. Ng4 Ba6 26. Nge3 Bxe3 27. Qxe3 Bxc4 28. bxc4 Qxc4 29.
Qxa7 Ne2+ 30. Kf1 Nxg3+ 31. Kg1 Qc1+ 0-1

[Event "*** Titled Tuesday Blitz"]
[Site "Chess.com"]
[Date "2019.10.01"]
[Round "1"]
[White "kingofthenil"]
[Black "brendan174"]
[Result "1-0"]
[WhiteElo "2537"]
[BlackElo "2105"]
[TimeControl "180+2"]
[EndTime "13:03:46 PDT"]
[Termination "kingofthenil won by resignation"]

1. d4 Nf6 2. c4 e6 3. Nc3 Bb4 4. a3 Bxc3+ 5. bxc3 O-O 6. f3 d5 7. cxd5 exd5 8. e3 c6 9. Bd3 Re8 10. Ne2 Nbd7 11. O-O Nf8 12. Ng3 Ng6 13. e4 dxe4 14.
fxe4 Bg4 15. Qc2 Be6 16. Bg5 1-0

[Event "*** Titled Tuesday Blitz"]
[Site "Chess.com"]
[Date "2019.10.01"]
[Round "1"]
[White "CastleOasisChess"]
[Black "MoonlighT89"]
[Result "0-1"]
[WhiteElo "1999"]
[BlackElo "2516"]
[TimeControl "180+2"]
[EndTime "13:04:01 PDT"]
[Termination "MoonlighT89 won by resignation"]

1. d4 Nf6 2. e3 c5 3. Bd3 g6 4. c3 b6 5. f4 Ba6 6. Qe2 Bxd3 7.
Qxd3 Bg7 8. Nd2 O-O 9. Ngf3 d6 10. O-O Nc6 11. a3 Rc8 12. Kh1 Qc7 13. d5 Na5 14. e4 e6 15. c4 exd5 16. exd5 Rfe8 17.
h3 Nh5 18. Kh2 Nxf4 19. Qc2 b5 20. Rb1 Re2 0-1

[Event "*** Titled Tuesday Blitz"]
[Site "Chess.com"]
[Date "2019.10.01"]
[Round "1"]
[White "H3nriqueTV"]
[Black "TST2014"]
[Result "0-1"]
[WhiteElo "2138"]
[BlackElo "2554"]
[TimeControl "180+2"]
[EndTime "13:04:12 PDT"]
[Termination "TST2014 won by resignation"]

1. d4 Nf6 2. Bf4 d6 3. e3 Nbd7 4. Nf3 Nh5 5. Bg3 g6 6. Bd3 Bg7 7. Nbd2 Nxg3 8. hxg3 O-O 9. c3 e5 10. O-O Kh8 11. e4 f5 12. Qc2 fxe4 13. Bxe4 c6 14. Rad1 d5 15. Bxg6 hxg6 16. Qxg6 Qf6 17. Qh5+ Qh6 18.
Qg4 Nf6 19. Qh4 e4 20. Ne5 Kg8 21. c4 Ng4 22. Qxh6 Bxh6 23. Ng6 Re8 24. cxd5 cxd5 25. Rfe1 e3 26. f3 Nf2 27. Rc1 Bf5 0-1

[Event "*** Titled Tuesday Blitz"]
[Site "Chess.com"]
[Date "2019.10.01"]
[Round "1"]
[White "Gr3egor"]
[Black "51616516516"]
[Result "1-0"]
[WhiteElo "2609"]
[BlackElo "2238"]
[TimeControl "180+2"]
[EndTime "13:04:19 PDT"]
[Termination "Gr3egor won by resignation"]

1. d4 Nf6 2. c4 g6 3. Nc3 Bg7 4.
e4 d6 5. Be3 O-O 6. h3 e5 7. d5 Nh5 8. Be2 Nf4 9. Bf3 f5 10. g3 fxe4 11. Nxe4 Qe7 12. gxf4 exf4 13. Bd4 Bf5 14. Bxg7 Bxe4 15. Bxf8 1-0

[Event "*** Titled Tuesday Blitz"]
[Site "Chess.com"]
[Date "2019.10.01"]
[Round "1"]
[White "Godzillator"]
[Black "kuli4ik"]
[Result "0-1"]
[WhiteElo "2407"]
[BlackElo "2777"]
[TimeControl "180+2"]
[EndTime "13:04:23 PDT"]
[Termination "kuli4ik won by resignation"]

1. d4 g6 2. c4 Bg7 3. e4 d6 4.
Nc3 e5 5. d5 a5 6. Bd3 Na6 7.
Nge2 Bh6 8. O-O Bxc1 9. Qxc1 Nf6 10. f4 Nd7 11. f5 Ndc5 12. Bb1 gxf5 13. Qh6 f4 14. g3 Qe7 15. gxf4 Rg8+ 16. Kh1 Bg4 17. Ng3 O-O-O 18. fxe5 Qxe5 19. Rxf7 Kb8 20. Qf4 Qd4 21. Bc2 Nb4 22. Rd1 Bxd1 23. Bxd1 Nbd3 24. Kg2 Nxf4+ 0-1

[Event "*** Titled Tuesday Blitz"]
[Site "Chess.com"]
[Date "2019.10.01"]
[Round "1"]
[White "morphinho22"]
[Black "nubair1198"]
[Result "0-1"]
[WhiteElo "2360"]
[BlackElo "2707"]
[TimeControl "180+2"]
[EndTime "13:04:29 PDT"]
[Termination "nubair1198 won by resignation"]

1. Nf3 Nf6 2. e3 g6 3. c4 Bg7 4. Nc3 O-O 5. Be2 d6 6. d4 Nbd7 7. O-O e5 8. dxe5 dxe5 9. b3 Qe7 10. Nd5 Nxd5 11. cxd5 e4 12. Nd4 Nb6 13. a4 Nxd5 14.
Ba3 c5 15. Nb5 Rd8 16. Qc2 b6 17. Rad1 a6 18. Bc4 Bb7 19. Bxd5 Bxd5 20. Nc3 Bc6 21.
Ne2 Rd7 22. Rxd7 Bxd7 23. a5 bxa5 24. Bxc5 Qg5 25. Qxe4 Re8 26. Qb7 Bb5 0-1

[Event "*** Titled Tuesday Blitz"]
[Site "Chess.com"]
[Date "2019.10.01"]
[Round "1"]
[White "VincentKeymer"]
[Black "SloLev"]
[Result "1-0"]
[WhiteElo "2465"]
[BlackElo "2498"]
[TimeControl "180+2"]
[EndTime "13:04:33 PDT"]
[Termination "VincentKeymer won by resignation"]

1. Nf3 d5 2. d4 Nf6 3. c3 e6 4. Bf4 Bd6 5. e3 O-O 6. Nbd2 c5 7. Bg3 Nc6 8. Bd3 b6 9. e4 Be7 10. e5 Nd7 11. h4 f5 12. exf6 Bxf6 13. Ng5 h6 14. Qh5 Bxg5 15. hxg5 Qxg5 16. Bh7+ Kh8 17. Qxg5 hxg5 18. Bf5+ Kg8 19. Bxe6+ Rf7 20. Bxd5 Bb7 21. Ne4 Re8 22. O-O-O Rxe4 23. Bxe4 Nf6 24. Bf5 Re7 25. d5 Nd8 26. d6 Re2 27. Rhe1 Rxe1 28. Rxe1 1-0

[Event "*** Titled Tuesday Blitz"]
[Site "Chess.com"]
[Date "2019.10.01"]
[Round "1"]
[White "GadimbayliA"]
[Black "chessS1r"]
[Result "1-0"]
[WhiteElo "2866"]
[BlackElo "2464"]
[TimeControl "180+2"]
[EndTime "13:04:34 PDT"]
[Termination "GadimbayliA won by checkmate"]

1. e4 e6 2. d4 d5 3. Nd2 Nf6 4.
e5 Nfd7 5. Bd3 c5 6. c3 Nc6 7.
Ne2 cxd4 8. cxd4 f6 9. exf6 Qxf6 10. O-O Bd6 11. Nf3 h6 12. Ng3 O-O 13. Bc2 Rf7 14. Re1 Nf8 15. Nh5 Qe7 16. Ne5 Nxe5 17. dxe5 Bc5 18. Rf1 b6 19. Bd3 Bb7 20. Qg4 Kh8 21.
Kh1 Rxf2 22. Rxf2 Bxf2 23. Bf4 Qh4 24. Qxg7# 1-0

[Event "*** Titled Tuesday Blitz"]
[Site "Chess.com"]
[Date "2019.10.01"]
[Round "1"]
[White "MathiasWomacka"]
[Black "ChessQueen"]
[Result "1-0"]
[WhiteElo "2271"]
[BlackElo "2604"]
[TimeControl "180+2"]
[EndTime "13:04:38 PDT"]
[Termination "MathiasWomacka won by resignation"]

1. e4 c6 2. d4 d5 3. Nd2 dxe4 4. Nxe4 Bf5 5. Ng3 Bg6 6. h4 h6 7. Nf3 Nd7 8. h5 Bh7 9. Bd3 Bxd3 10. Qxd3 Qc7 11.
Bd2 O-O-O 12. O-O-O Ngf6 13. Ne4 e6 14. g3 Nc5 15. Nxc5 Bxc5 16. c4 e5 17. Qf5+ Qd7 18.
Qxd7+ Nxd7 19. dxc5 e4 20. Nh4 Nxc5 21. Be3 Nd3+ 22.
Kc2 Ne5 23. b3 Ng4 24. Bxa7 Kc7 25. Bd4 f6 26. Nf5 Rhg8 27. Rh4 1-0

[Event "*** Titled Tuesday Blitz"]
[Site "Chess.com"]
[Date "2019.10.01"]
[Round "1"]
[White "misha_melnichuk"]
[Black "kinga2008"]
[Result "1-0"]
[WhiteElo "2515"]
[BlackElo "1963"]
[TimeControl "180+2"]
[EndTime "13:04:38 PDT"]
[Termination "misha_melnichuk won by resignation"]

1. Nf3 c5 2. g3 d5 3. Bg2 Nc6 4. O-O e5 5. c4 d4 6. e3 dxe3 7. fxe3 Nf6 8. Nc3 Bg4 9. h3 Bh5 10. Qb3 Qc8 11. Nd5 Nxd5 12. cxd5 Bxf3 13. Rxf3 e4 14.
dxc6 exf3 15. cxb7 c4 1-0

[Event "*** Titled Tuesday Blitz"]
[Site "Chess.com"]
[Date "2019.10.01"]
[Round "1"]
[White "IMDT02"]
[Black "mishanick"]
[Result "0-1"]
[WhiteElo "2489"]
[BlackElo "3003"]
[TimeControl "180+2"]
[EndTime "13:04:40 PDT"]
[Termination "mishanick won by resignation"]

1. d4 Nf6 2. c4 e6 3. Nc3 Bb4 4.
e3 O-O 5. Ne2 d5 6. a3 Be7 7. Ng3 Nbd7 8. cxd5 exd5 9. Nf5 Re8 10. Nxe7+ Qxe7 11. Be2 Nf8 12. O-O Ng6 13. b4 a5 14. bxa5 Rxa5 15. a4 c6 16. Ba3 Qc7 17. Bb4 Ra8 18. Rc1 Bf5 19. Qb3 Qb8 20. a5 Bg4 21.
Bd3 Nh4 22. Qa3 Bf3 23. Bd6 Qc8 24. gxf3 Qh3 0-1

[Event "*** Titled Tuesday Blitz"]
[Site "Chess.com"]
[Date "2019.10.01"]
[Round "1"]
[White "akretchetov"]
[Black "johnathan113"]
[Result "0-1"]
[WhiteElo "2355"]
[BlackElo "2704"]
[TimeControl "180+2"]
[EndTime "13:04:48 PDT"]
[Termination "johnathan113 won by resignation"]

1. d4 Nf6 2. Bf4 g6 3. Nc3 Bg7 4. e4 d5 5. e5 Ne4 6. Nxe4 dxe4 7.
Qd2 c5 8. c3 O-O 9. Bc4 cxd4 10. cxd4 Nc6 11. Ne2 Bg4 12. Be3 Na5 13. Bb5 a6 14. h3 axb5 15. hxg4 Nb3 16. axb3 Rxa1+ 17. Nc1 Qc7 18. O-O Rc8 19. Qe2 Qc6 20. Qd2 Qc2 21. Qb4 Qxb2 22. Qxb5 Raxc1 23. Bxc1 Rxc1 24. Qxb7 Rxf1+ 25. Kxf1 Qxd4 0-1

[Event "*** Titled Tuesday Blitz"]
[Site "Chess.com"]
[Date "2019.10.01"]
[Round "1"]
[White "moro182"]
[Black "ZeroRealtorFade"]
[Result "1-0"]
[WhiteElo "2706"]
[BlackElo "2359"]
[TimeControl "180+2"]
[EndTime "13:04:50 PDT"]
[Termination "moro182 won by resignation"]

1. d4 Nf6 2. c4 c5 3. Nf3 g6 4. Nc3 Bg7 5. g3 O-O 6. Bg2 d5 7. dxc5 dxc4 8. Qa4 Qc7 9. Qxc4 Be6 10. Qh4 Qxc5 11.
O-O Nc6 12. Ng5 Bc4 13. Nce4 1-0

[Event "*** Titled Tuesday Blitz"]
[Site "Chess.com"]
[Date "2019.10.01"]
[Round "1"]
[White "Saitama_Hero"]
[Black "francyIM"]
[Result "1-0"]
[WhiteElo "2337"]
[BlackElo "2656"]
[TimeControl "180+2"]
[EndTime "13:04:52 PDT"]
[Termination "Saitama_Hero won by resignation"]

1. d4 Nf6 2. c4 g6 3. Nc3 Bg7 4. e4 d6 5. Nf3 O-O 6. h3 Nc6 7. d5 Nb8 8. Bd3 c6 9. O-O e5 10. dxe6 Bxe6 11. Bf4 Na6 12. Qd2 Re8 13. Rad1 Nc5 14.
b3 a5 15. Bb1 Bc8 16. Bxd6 Ncxe4 17. Nxe4 Nxe4 18. Bxe4 Rxe4 19. Rfe1 Bf5 20. g4 Rxe1+ 21. Rxe1 Be6 22. Ng5 Qd7 23. Nxe6 fxe6 24. c5 Re8 25. Qxa5 e5 26. Qc3 e4 27. Qc4+ Qf7 28. Rxe4 Qxc4 29.
Rxe8+ Kf7 30. Re7+ Kf6 31. bxc4 1-0

[Event "*** Titled Tuesday Blitz"]
[Site "Chess.com"]
[Date "2019.10.01"]
[Round "1"]
[White "Dhaydon19"]
[Black "smshk35"]
[Result "1/2-1/2"]
[WhiteElo "2694"]
[BlackElo "2359"]
[TimeControl "180+2"]
[EndTime "13:04:56 PDT"]
[Termination "Game drawn by agreement"]

1. d4 Nf6 2. Nf3 g6 3. c4 Bg7 4.
Nc3 O-O 5. g3 d6 6. Bg2 c6 7.
O-O Bf5 8. Re1 Ne4 9. Nh4 Nxc3 10. bxc3 Bc8 11. e4 Na6 12. Be3 Qa5 13. Qd3 Qh5 14. f4 Qa5 15. f5 c5 16. Rf1 Qa3 17. Qd2 Qa4 18. Bh6 Qxc4 19. Bxg7 Kxg7 20. fxg6 hxg6 21. Qg5 cxd4 22. Nf5+ Bxf5 23. exf5 dxc3 24. fxg6 Qc5+ 25. Qxc5 Nxc5 26. gxf7 Rxf7 27. Rfc1 1/2-1/2

[Event "*** Titled Tuesday Blitz"]
[Site "Chess.com"]
[Date "2019.10.01"]
[Round "1"]
[White "csati17"]
[Black "Micki-taryan"]
[Result "0-1"]
[WhiteElo "2479"]
[BlackElo "2948"]
[TimeControl "180+2"]
[EndTime "13:04:57 PDT"]
[Termination "Micki-taryan won by resignation"]

1. c4 e5 2. g3 Nf6 3. Bg2 d5 4.
cxd5 Nxd5 5. Nc3 Nb6 6. Nf3 Nc6 7. a3 a5 8. O-O Be7 9. d3 O-O 10. Be3 Be6 11. Nd2 Nd5 12. Nxd5 Bxd5 13. Bxd5 Qxd5 14. Qa4 Nd4 15. Bxd4 exd4 16. Rac1 c6 17. Nf3 Bf6 18. b4 Rfe8 19. Rfe1 axb4 20. Qxb4 Qd7 21. Rc4 h5 22. Nxd4 b5 23. Nxb5 cxb5 24. Rc5 Rab8 25. Rxh5 g6 0-1

[Event "*** Titled Tuesday Blitz"]
[Site "Chess.com"]
[Date "2019.10.01"]
[Round "1"]
[White "JussupowFan"]
[Black "Niclox"]
[Result "1-0"]
[WhiteElo "2211"]
[BlackElo "2572"]
[TimeControl "180+2"]
[EndTime "13:05:19 PDT"]
[Termination "JussupowFan won by resignation"]

1. c4 Nf6 2. g3 g6 3. Bg2 Bg7 4. Nc3 O-O 5. e4 d6 6. Nge2 c5 7. O-O Nc6 8. d3 Rb8 9. h3 a6 10. a4 Ne8 11. Be3 Nc7 12. d4 cxd4 13. Nxd4 Ne6 14. Nde2 Nc5 15. Rb1 Nb4 16. Qd2 Be6 17.
b3 a5 18. Bd4 1-0

[Event "*** Titled Tuesday Blitz"]
[Site "Chess.com"]
[Date "2019.10.01"]
[Round "1"]
[White "pedroholly22"]
[Black "German_Bazeev"]
[Result "0-1"]
[WhiteElo "2301"]
[BlackElo "2657"]
[TimeControl "180+2"]
[EndTime "13:05:20 PDT"]
[Termination "German_Bazeev won by checkmate"]

1. e4 e5 2. Nf3 Nc6 3. Bb5 a6 4. Ba4 Bc5 5. O-O d6 6. c3 Bg4 7. d4 Bxf3 8. gxf3 Ba7 9. d5 b5 10. dxc6 bxa4 11. Qxa4 Ne7 12. Be3 O-O 13. Nd2 f5 14.
exf5 Nxf5 15. Bxa7 Rxa7 16. Rad1 Ra8 17. Kh1 Nh4 18. Rg1 Nxf3 19. Nxf3 Rxf3 20. Qg4 Qf8 21. Rd2 g6 22. Rg2 Qf7 23. b3 Rf4 24. Qg3 Rf8 25. c4 Qe8 26. Qh3 Qxc6 27. Kg1 Kg7 28.
Qe6 Qe4 29. Qd5 Qe1# 0-1

[Event "*** Titled Tuesday Blitz"]
[Site "Chess.com"]
[Date "2019.10.01"]
[Round "1"]
[White "cukus"]
[Black "Zhuu96"]
[Result "0-1"]
[WhiteElo "2485"]
[BlackElo "2974"]
[TimeControl "180+2"]
[EndTime "13:05:21 PDT"]
[Termination "Zhuu96 won by resignation"]

1. e4 c5 2. Nf3 d6 3. d4 cxd4 4. Nxd4 Nf6 5. Nc3 a6 6. Bd3 Nbd7 7. O-O e6 8. a4 b6 9. f4 Bb7 10. Qe2 Qc7 11. Kh1 h5 12. Bd2 Nc5 13. b4 Nxd3 14.
cxd3 h4 15. Rac1 Qd7 16. Nf3 h3 17. g3 d5 18. b5 dxe4 19. dxe4 axb5 20. axb5 Bc5 21.
Ne5 Nxe4 22. Nxe4 Qd5 23. Nc6 f5 24. Rfe1 Ra4 25. Qd1 Rxe4 26. Be3 Rd4+ 0-1

[Event "*** Titled Tuesday Blitz"]
[Site "Chess.com"]
[Date "2019.10.01"]
[Round "1"]
[White "monalize"]
[Black "cherryandmint"]
[Result "0-1"]
[WhiteElo "2400"]
[BlackElo "2757"]
[TimeControl "180+2"]
[EndTime "13:05:23 PDT"]
[Termination "cherryandmint won by resignation"]

1. e4 e5 2. Nf3 Nc6 3. Bb5 a6 4. Ba4 Nf6 5. Bxc6 dxc6 6. d3 Bd6 7. O-O Be6 8. Nbd2 Qe7 9. b3 Nd7 10. Bb2 f6 11. d4 O-O-O 12. Qe2 g5 13. dxe5 fxe5 14. Nc4 g4 15. Nfxe5 Nxe5 16. Nxe5 Rhe8 17. Nxg4 Qh4 18. h3 Rg8 19. Bf6 Bxg4 20. Bxh4 Bxe2 21. Rfe1 Bf3 22. g3 Rde8 23. Re3 Bxe4 24. Rae1 Bg6 25. f4 Rxe3 26. Rxe3 Bxc2 27. Kh2 c5 28. Re2 Bb1 29. Rb2 Bg6 30. Re2 Re8 31. Rf2 Bf7 32. Bf6 c4 33.
bxc4 Bxc4 34. g4 Re2 35. Rxe2 Bxf4+ 36. Kg2 Bxe2 37. h4 Bxg4 38. a3 h5 0-1

[Event "*** Titled Tuesday Blitz"]
[Site "Chess.com"]
[Date "2019.10.01"]
[Round "1"]
[White "Hikaru"]
[Black "JozefKneht"]
[Result "1-0"]
[WhiteElo "3170"]
[BlackElo "2504"]
[TimeControl "180+2"]
[EndTime "13:05:24 PDT"]
[Termination "Hikaru won by resignation"]

1. Nf3 d5 2. e3 Nf6 3. c4 e6 4. b3 Be7 5. Bb2 O-O 6. Nc3 c5 7. cxd5 Nxd5 8. Nxd5 Qxd5 9. Qc2 Nc6 10. a3 e5 11. Bd3 Bf6 12. Bxh7+ Kh8 13. Be4 Qd6 14. h4 Rd8 15. Ng5 Kg8 16. O-O-O Be6 17. f4 Rac8 18.
Bxc6 Rxc6 19. f5 c4 20. b4 Bd7 21. Ne4 Qe7 22. g4 Qf8 23. Nxf6+ Rxf6 24. Bxe5 Ra6 25.
Qb2 Ba4 26. Rdf1 Rd3 27. Bc3 Bc6 28. Rh2 Rb6 29. h5 a5 30. g5 axb4 31. axb4 Be4 32.
h6 gxh6 33. Rg1 h5 34. Rxh5 1-0

[Event "*** Titled Tuesday Blitz"]
[Site "Chess.com"]
[Date "2019.10.01"]
[Round "1"]
[White "ThePunisherxx"]
[Black "MalyDominator"]
[Result "1-0"]
[WhiteElo "2654"]
[BlackElo "2300"]
[TimeControl "180+2"]
[EndTime "13:05:24 PDT"]
[Termination "ThePunisherxx won by resignation"]

1. Nf3 Nf6 2. c4 g6 3. Nc3 Bg7 4. g3 O-O 5. Bg2 d6 6. O-O Nbd7 7. d3 e5 8. Bg5 h6 9. Bxf6 Bxf6 10. Rb1 a5 11. a3 Bg7 12. b4 axb4 13. axb4 f5 14. Nd2 e4 15. Nd5 c6 16. Nf4 exd3 17. exd3 Ne5 18. d4 Ng4 19. Nxg6 Rf6 20. Nf4 h5 21. h3 Nh6 22. Nxh5 Rg6 23. Nxg7 Kxg7 24. Rb3 f4 25.
Ne4 Bf5 26. d5 Qd7 27. Qd4+ Kf7 28. gxf4 Bxh3 29. Ng5+ Rxg5 30. fxg5 Bxg2 31. Qf6+ Kg8 32. gxh6 Kh7 33. Rg3 1-0

[Event "*** Titled Tuesday Blitz"]
[Site "Chess.com"]
[Date "2019.10.01"]
[Round "1"]
[White "Svet99"]
[Black "RitvarsReimanis"]
[Result "0-1"]
[WhiteElo "2174"]
[BlackElo "2573"]
[TimeControl "180+2"]
[EndTime "13:05:34 PDT"]
[Termination "RitvarsReimanis won by resignation"]

1. c4 e6 2. Nc3 d5 3. e3 Nf6 4.
b3 Be7 5. Bb2 O-O 6. Nf3 c5 7. d3 Nc6 8. g3 Rb8 9. Bg2 a6 10. O-O b5 11. cxd5 exd5 12. d4 b4 13. Ne2 c4 14. Qc2 c3 15. Bc1 Bd6 16. Nh4 a5 17. a4 Re8 18. Ra2 Ne4 19. Qd3 Rb6 20.
Nf4 Ba6 21. Qd1 Bxf1 22. Qxf1 Bxf4 23. exf4 Nxd4 24. Be3 Nxb3 25. Qd1 Nbd2 26. Rxd2 Nxd2 0-1

[Event "*** Titled Tuesday Blitz"]
[Site "Chess.com"]
[Date "2019.10.01"]
[Round "1"]
[White "kasparicy"]
[Black "TrimitziosP7"]
[Result "0-1"]
[WhiteElo "2405"]
[BlackElo "2765"]
[TimeControl "180+2"]
[EndTime "13:05:36 PDT"]
[Termination "TrimitziosP7 won by resignation"]

1. e4 e5 2. Nf3 Nc6 3. Bc4 Bc5 4.
c3 d6 5. d3 Nf6 6. Nbd2 a6 7. Bb3 h6 8. Nf1 O-O 9. Ng3 Be6 10. Bc2 Ba7 11. O-O Ne7 12. Nh4 Qd7 13. Kh1 d5 14. Qe2 dxe4 15. dxe4 Rad8 16. f4 Qc6 17.
fxe5 Bc4 18. Qf3 Nd7 19. Bf4 Bxf1 20. Rxf1 Ng6 21. Ngf5 Rde8 22. Qg3 Kh7 23. e6 Rxe6 24. Nd4 Bxd4 25. e5 Bxe5 26. Bxe5 Nxe5 27. Nxg6 Nxg6 28. h4 Kg8 0-1

[Event "*** Titled Tuesday Blitz"]
[Site "Chess.com"]
[Date "2019.10.01"]
[Round "1"]
[White "M1711"]
[Black "CzechmVIII"]
[Result "1-0"]
[WhiteElo "2542"]
[BlackElo "2104"]
[TimeControl "180+2"]
[EndTime "13:05:36 PDT"]
[Termination "M1711 won by checkmate"]

1. e4 c5 2. Nf3 d6 3. c3 Nf6 4. Be2 Nbd7 5. d3 g6 6. O-O Bg7 7. Re1 b6 8. Nbd2 Bb7 9. Bf1 Ne5 10. d4 Nxf3+ 11. Qxf3 cxd4 12. cxd4 Nd7 13. Nb3 O-O 14. Be3 e5 15. dxe5 Nxe5 16. Qf4 Rc8 17. Rad1 Qe7 18. Bd4 f5 19. exf5 Rxf5 20. Qg3 Rg5 21.
Qh3 Nf3+ 22. Qxf3 Qxe1 23. Qxb7 Qxd1 24. Qxc8+ Bf8 25. Qe6# 1-0

[Event "*** Titled Tuesday Blitz"]
[Site "Chess.com"]
[Date "2019.10.01"]
[Round "1"]
[White "DonBroca"]
[Black "ENEASZ"]
[Result "0-1"]
[WhiteElo "2074"]
[BlackElo "2527"]
[TimeControl "180+2"]
[EndTime "13:05:42 PDT"]
[Termination "ENEASZ won by resignation"]

1. e4 d6 2. d4 Nf6 3. Nc3 e5 4. Nf3 Nbd7 5. g4 Nxg4 6. Rg1 exd4 7. Bg5 Ndf6 8. Qxd4 h6 9. Bh4 g5 10. Bg3 Bg7 11.
O-O-O Nh5 12. Qd2 Nxg3 13. fxg3 Ne5 14. Nxe5 Bxe5 15. Bc4 Be6 16. Nd5 c6 17. Ne3 Qb6 18. c3 O-O-O 19. Rgf1 Rd7 20. Kb1 Rhd8 21. Bxe6 fxe6 22.
Rf6 Bxf6 0-1

[Event "*** Titled Tuesday Blitz"]
[Site "Chess.com"]
[Date "2019.10.01"]
[Round "1"]
[White "PNEPaul"]
[Black "Grebeniuk-S"]
[Result "0-1"]
[WhiteElo "1870"]
[BlackElo "2510"]
[TimeControl "180+2"]
[EndTime "13:05:48 PDT"]
[Termination "Grebeniuk-S won by checkmate"]

1. e4 c5 2. d4 cxd4 3. c3 Nf6 4. Bd3 Nc6 5. cxd4 Nxd4 6. e5 Qa5+ 7. Nc3 Qxe5+ 8.
Be3 Nf5 9. Bxf5 Qxf5 10. Nge2 e6 11. O-O a6 12. Ng3 Qa5 13. Nce4 d5 14. Nxf6+ gxf6 15. Bd4 Be7 16. Nh5 e5 17. Bc3 Qd8 18. Ng7+ Kf8 19. Nh5 Rg8 20. Qf3 Bg4 21. Qe3 Rg6 22. Ng3 d4 23. Qe4 dxc3 24. bxc3 Qc7 25. h3 Be6 26.
Rac1 Rd8 27. Nf5 Bxf5 28. Qxf5 Qd7 29. Qh5 Kg7 30. Rfd1 Qc6 31. Rxd8 Qxg2# 0-1

[Event "*** Titled Tuesday Blitz"]
[Site "Chess.com"]
[Date "2019.10.01"]
[Round "1"]
[White "Komissarov_alex"]
[Black "TheFireChess"]
[Result "0-1"]
[WhiteElo "1902"]
[BlackElo "2510"]
[TimeControl "180+2"]
[EndTime "13:05:56 PDT"]
[Termination "TheFireChess won by checkmate"]

1. d4 f5 2. Nc3 d5 3. Bg5 g6 4. h4 Bg7 5. h5 c6 6. hxg6 hxg6 7. Rxh8 Bxh8 8. Nf3 Nd7 9. Nh4 Nf8 10. e4 dxe4 11. Bc4 Nf6 12. f3 Be6 13. Bxe6 Nxe6 14. Nxg6 Nxg5 15.
Nxh8 exf3 16. Qd2 Nge4 17. Nxe4 Nxe4 18. Qh6 Qxd4 19. Qh5+ Kd8 20. Rd1 f2+ 21. Kf1 Ng3# 0-1

[Event "*** Titled Tuesday Blitz"]
[Site "Chess.com"]
[Date "2019.10.01"]
[Round "1"]
[White "ExploringChess"]
[Black "ChessLover0108"]
[Result "1-0"]
[WhiteElo "2823"]
[BlackElo "2723"]
[TimeControl "180+2"]
[EndTime "13:06:00 PDT"]
[Termination "ExploringChess won by resignation"]

1. e4 c5 2. Nf3 d6 3. c3 Nf6 4.
h3 Nbd7 5. Bd3 g6 6. Bc2 Bg7 7.
O-O O-O 8. d4 Qc7 9. Nbd2 b6 10.
Re1 e6 11. e5 dxe5 12. dxe5 Nd5 13. Qe2 Bb7 14. Nf1 Ne7 15. N1h2 h5 16. Bg5 Nc6 17. Bf4 Rfd8 18. g4 hxg4 19. Nxg4 Ne7 20. Qe3 Nd5 21.
Qc1 Nxf4 22. Qxf4 Bxf3 23. Qxf3 Nxe5 24. Qg3 Rd2 25. Rac1 Rd5 26. Be4 Rad8 27. Bxd5 Rxd5 28. Rcd1 Qd8 29. Rxd5 Qxd5 30. Nxe5 Qxa2 31. Qf4 1-0

[Event "*** Titled Tuesday Blitz"]
[Site "Chess.com"]
[Date "2019.10.01"]
[Round "1"]
[White "Alliswell998"]
[Black "KhazarBabazada"]
[Result "0-1"]
[WhiteElo "2445"]
[BlackElo "2843"]
[TimeControl "180+2"]
[EndTime "13:06:02 PDT"]
[Termination "KhazarBabazada won by resignation"]

1. e4 Nf6 2. e5 Nd5 3. d4 d6 4. Nf3 g6 5. c4 Nb6 6. h3 Bg7 7. exd6 cxd6 8. Nc3 O-O 9. Be3 Bf5 10. Be2 d5 11. c5 Nc4 12. Bxc4 dxc4 13. O-O Nc6 14. d5 Nb4 15. Nd4 Bd3 16. Qf3 Bxf1 17. Rxf1 e5 18.
Ndb5 f5 19. d6 e4 20. Qe2 Nd3 21. Nd5 Qd7 22. Nbc7 Rad8 23. Bg5 Rb8 24. h4 b5 25. h5 Nxc5 26. Ne7+ Kf7 27. hxg6+ hxg6 28. Qd2 Rb6 29. Qd5+ Ne6 30. Nxf5 gxf5 31. Qxf5+ Kg8 32. Qxe6+ Qxe6 33. Nxe6 Rf7 34. Be7 Rxe7 35. dxe7 Rxe6 0-1

[Event "*** Titled Tuesday Blitz"]
[Site "Chess.com"]
[Date "2019.10.01"]
[Round "1"]
[White "Vojtap"]
[Black "SoltaniciR"]
[Result "0-1"]
[WhiteElo "2185"]
[BlackElo "2580"]
[TimeControl "180+2"]
[EndTime "13:06:02 PDT"]
[Termination "SoltaniciR won by resignation"]

1. e4 c5 2. Nf3 d6 3. d4 cxd4 4.
Nxd4 Nf6 5. Nc3 a6 6. Bg5 e6 7. f4 Be7 8. Qf3 h6 9. Bh4 Qc7 10. O-O-O Nbd7 11. Kb1 b5 12. Bd3 b4 13. Nce2 Bb7 14.
g4 Nc5 15. Ng3 Nfxe4 16. Nxe4 Bxh4 17. f5 e5 18. Nb3 Nxd3 19. Nxd6+ Qxd6 20. Qxb7 O-O 21. Rxd3 Qe7 22. Qe4 a5 23. Rd5 a4 24. Nc5 b3 25.
cxb3 axb3 26. Nxb3 Rfb8 27. Rxe5 Qd7 28. Re7 Bxe7 0-1

[Event "*** Titled Tuesday Blitz"]
[Site "Chess.com"]
[Date "2019.10.01"]
[Round "1"]
[White "fidetrainerNET"]
[Black "Frolik67"]
[Result "1-0"]
[WhiteElo "2276"]
[BlackElo "2595"]
[TimeControl "180+2"]
[EndTime "13:06:07 PDT"]
[Termination "fidetrainerNET won by checkmate"]

1. d4 e6 2. c4 d5 3. Nf3 f5 4. Bg5 Nf6 5. Nc3 c6 6. Qb3 Bd6 7. Ne5 Nbd7 8. f4 O-O 9. O-O-O Qa5 10. e3 Ne4 11. cxd5 exd5 12. Nxe4 fxe4 13. g4 Bxe5 14. fxe5 b5 15. h4 Nb6 16. Be2 Rf2 17. Rhe1 Nc4 18. h5 Rxe2 19. Rxe2 Bxg4 20. Rg2 Bxd1 21. Qxd1 Qxa2 22.
Qg4 Qa1+ 23. Kc2 Qxb2+ 24. Kd1 Qb1+ 25. Ke2 Qc2+ 26. Kf1 Rf8+ 27. Kg1 Qc1+ 28. Kh2 Rf1 29. Qe6+ Rf7 30. Bf6 g6 31. hxg6 hxg6 32. Rxg6+ Kf8 33. Qc8# 1-0